 Dungeon Crawl Stone Soup version 0.27-a0-96-gb51a1d6fd6 (webtiles) character file.

Game seed: 9819805796144358224

28 knot the Chopper (level 3, 29/29 HPs)
             Began as a Demonspawn Berserker on Jan 19, 2021.
             Was a Believer of Trog.
             Quit the game on level 1 of the Dungeon.
             The game lasted 00:00:38 (587 turns).

knot the Chopper (Demonspawn Berserker)              Turns: 587, Time: 00:00:38

Health: 29/29      AC:  5    Str: 17    XL:     3   Next: 0%
Magic:  3/3        EV: 11    Int:  9    God:    Trog [**....]
Gold:   28         SH:  0    Dex: 12    Spells: 2/2 levels left

rFire    . . .     SeeInvis .   a - +0 hand axe
rCold    . . .     Faith    .   (no shield)
rNeg     . . .     Spirit   .   f - +0 ring mail
rPois    .         Reflect  .   (no helmet)
rElec    .         Harm     .   (no cloak)
rCorr    .         Rampage  .   (no gloves)
Will     .....                  (no boots)
Stlth    ..........             (no amulet)
HPRegen  1.09/turn              d - ring of flight
MPRegen  0.08/turn              (no ring)

@: no status effects
A: hooves 1, powered by death 1
a: Renounce Religion, Evoke Flight, Berserk, Trog's Hand


You were on level 1 of the Dungeon.
You worshipped Trog.
Trog was pleased with you.
You visited 1 branch of the dungeon, and saw 1 of its levels.

You collected 28 gold pieces.

Inventory:

Hand Weapons
 a - a +0 hand axe (weapon)
Missiles
 b - 4 boomerangs
 c - 24 stones
Armour
 f - a +0 ring mail (worn)
Jewellery
 d - a ring of flight (left hand)
Potions
 e - a potion of degeneration {unknown}


   Skills:
 - Level 3.0 Fighting
 + Level 3.8 Axes
 - Level 1.7 Armour
 - Level 1.7 Dodging


You had 2 spell levels left.
You didn't know any spells.
Your spell library was empty.

Dungeon Overview and Level Annotations

Branches:
Dungeon (1/15)

Altars:


Innate Abilities, Weirdness & Mutations

You have large cloven feet.
You regenerate a little health from kills.


Message History

The bat hits you but does no damage. The bat barely misses you.
Your ring mail prevents you from hitting the bat.
The bat hits you but does no damage. The bat barely misses you.
The bat barely misses you.
Things that are here:
2 stones; a kobold corpse The bat barely misses you.
Things that are here:
a +0 dagger; a +0 club You miss the bat.
The bat hits you but does no damage. The bat hits you but does no damage.
You hit the bat.
You kill the bat!
Trog accepts your kill.
You have reached level 3!
Your experience leads to an increase in your attributes!
Increase (S)trength, (I)ntelligence, or (D)exterity?
You feel clever.
Your demonic ancestry asserts itself...
Your feet thicken and deform.
Are you sure you want to abandon this character and quit the game? (Confirm with "yes".)

#. #.## #( ##...## #
#.##.....## #.##.#.......##
#.#...........#
#.............#
#####............
#.....†()@.....#
#.###...#....^## #.#
##.###...## #.# #(.# ####
#.# ##.# # ##.## #.### #
#####...####)..## #
#.....#...##.#..######### #
###.###...#.#.#.#.#.#>#.#.##
#


There were no monsters in sight!

Vanquished Creatures
  A dart slug (D:1)
  3 bats (D:1)
  3 goblins (D:1)
  3 hobgoblins (D:1)
  3 jackals (D:1)
  4 frilled lizards (D:1)
  5 kobolds (D:1)
  3 rats (D:1)
25 creatures vanquished.

Notes
Turn   | Place    | Note
-------+----------+-------------------------------------------
     0 | D:1      | knot the Demonspawn Berserker began the quest for the Orb.
     0 | D:1      | Reached XP level 1. HP: 18/18 MP: 1/1
    40 | D:1      | HP: 1/27 [jackal (3)]
   409 | D:1      | Gained mutation: You regenerate a little health from kills.
                  | [demonic ancestry]
   409 | D:1      | Reached XP level 2. HP: 23/24 MP: 2/2
   580 | D:1      | Reached ** piety under Trog
   587 | D:1      | Gained mutation: You have large cloven feet. [demonic
                  | ancestry]
   587 | D:1      | Reached XP level 3. HP: 29/29 MP: 3/3
   587 | D:1      | Quit the game

Illustrated notes

Levels and vault maps discovered:
D:1:      scummos_arrival_checkerplants, layout_loops_ring, st_stairs_12

Skill      XL: |  1 |
---------------+----+-----
Axes           | 3 |  3.8
Fighting       | |  3.0
Armour         | |  1.7
Dodging        | |  1.7

Action                   || total
-------------------------++-------
Melee: Hand axe          ||    71
Invok: Berserk           ||     1
Armor: Animal skin       ||     5
       Ring mail         ||    22
Dodge: Dodged            ||    44

Table legend: (Time is in decaauts)
 A = Elapsed time spent in this place.
 B = Non-inter-level travel time spent in this place.
 C = Inter-level travel time spent in this place.
 D = Time resting spent in this place.
 E = Time spent auto-exploring this place.
 F = Levels seen in this place.
 G = Mean time per level.
                   A        B        C        D        E       F      G
               +--------+--------+--------+--------+--------+-----+--------+
         Total |    604 |    604 |      0 |    277 |    184 |   1 |  604.0 |
       Dungeon |    604 |    604 |      0 |    277 |    184 |   1 |  604.0 |
               +--------+--------+--------+--------+--------+-----+--------+

Top non-repeatable levels by time:
     D:1: 604 daAuts
